 Dungeon Crawl Stone Soup version 0.18-a0-750-g37044d6 (webtiles) character file.

510 cluie the Insei (level 6, -9/47 HPs)
             Began as a Demonspawn Transmuter on Dec 12, 2015.
             Killed by divine providence
             ... invoked by an orc priest
              (11 damage)
             ... on level 3 of the Dungeon.
             The game lasted 00:13:13 (5689 turns).

cluie the Insei (Demonspawn Transmuter)             Turns: 5689, Time: 00:13:13

Health: -9/47      AC:  3    Str: 11    XL:     6   Next: 98%
Magic:  0/9        EV: 15    Int: 15    God:
Gold:   204        SH:  0    Dex: 18    Spells: 3 memorised, 3 levels left

rFire  . . .     SeeInvis .       - Unarmed
rCold  . . .     Clarity  +     b - +0 robe
rNeg   . . .     SustAt   .     (no shield)
rPois  .         Gourm    .     (no helmet)
rElec  .         Spirit   +     u - +0 cloak
rCorr  .         Dismiss  .     (no gloves)
rMut   .         Stasis   .     (no boots)
MR     .....                    o - amulet of clarity
Stlth  +++.......               (no ring)
                                (no ring)

@: very slightly contaminated, not resistant to hostile enchantments, fairly
stealthy
A: thin skeletal structure 2, magic shield
a: no special abilities


You were on level 3 of the Dungeon.
You were not hungry.

You visited 1 branch of the dungeon, and saw 4 of its levels.

You collected 204 gold pieces.

Inventory:

Hand Weapons
 j - a +0 blowgun
Missiles
 a - 38 arrows
 i - 14 poisoned needles
Armour
 b - a +0 robe (worn)
 u - a +0 cloak (worn)
Jewellery
 o - an amulet of clarity (around neck)
Scrolls
 h - 4 scrolls of remove curse
Books
 c - a book of Changes

   Spells                             Type                      Level
   a - Beastly Appendage              Transmutation                1
   b - Sticks to Snakes               Transmutation                2
   c - Spider Form                    Transmutation/Poison         3
   d - Ice Form                       Ice/Transmutation            4
   e - Blade Hands                    Transmutation                5
 s - a book of Spatial Translocations

   Spells                             Type                      Level
   a - Apportation                    Translocation                1
   b - Blink                          Translocation                2
   c - Shroud of Golubria             Charms/Translocation         2
   d - Portal Projectile              Translocation                3
   e - Teleport Other                 Translocation                3
   f - Passage of Golubria            Translocation                4
 t - a Necronomicon

   Spells                             Type                      Level
   a - Haunt                          Necromancy/Summoning         7
   b - Borgnjor's Revivification      Necromancy                   8
   c - Death's Door                   Charms/Necromancy            8
   d - Necromutation                  Transmutation/Necromancy     8
Comestibles
 d - 4 bread rations
 g - 2 meat rations


   Skills:
 + Level 3.4 Fighting
 * Level 4.5 Dodging
 * Level 4.8 Unarmed Combat
 - Level 2.0 Spellcasting
 - Level 1.7 Transmutations


You had 3 spell levels left.
You knew the following spells:

 Your Spells              Type           Power        Failure   Level  Hunger
a - Beastly Appendage     Trmt           #.....       12%         1    #......
b - Sticks to Snakes      Trmt           #.......     17%         2    ###....
c - Spider Form           Trmt/Pois      #.........   56%         3    ###....


Dungeon Overview and Level Annotations

Branches:
Dungeon (4/15)
 Temple: D:4-7

Altars:
Xom

Annotations:
D:3 JokEr's ghost, amateur HEFi


Innate Abilities, Weirdness & Mutations

You have a moderately thin skeletal structure (Dex +4, Stealth+).
When hurt, damage is shared between your health and your magic reserves.


Message History

The orc priest hits you with a dagger.
* * * LOW HITPOINT WARNING * * *
You closely miss the orc priest.
The orc priest invokes the aid of Beogh against you.
You barely resist.
Unknown command.
You aren't carrying any potions.
Read which item? (? for menu, Esc to quit)
Okay, then.
You hit the orc priest but do no damage.
The orc priest misses you.
You hit the orc priest.
The orc priest is moderately wounded.
The orc priest barely misses you.
You hit the orc priest. Your punch misses the orc priest.
The orc priest is severely wounded.
The orc misses you.
The orc priest mumbles some strange prayers to Beogh against you.
Something smites you!
You die...

#.#.###.###
#.........#
#.(####.#.# #..##
#.#.# ####...# #.#.#
#.....(###.#.#
#######...[...##.#.#
......#........o...#
......#.....#..#@###
............##.#o#
[.).......####..o# ###
.................# #.#
......###.......(###.#
...!...............).#
##'#####......#..###.#
#.#.....#......># #.#
#.#.#####..######
#.#######


You could see 2 orc priests and an orc.

Vanquished Creatures
  Sigmund (D:3)
  A hound (D:4)
  Crazy Yiuf (D:3)
  A centaur skeleton (D:4)
  Terence (D:2)
  Natasha (thrice) (D:3)
  A worker ant (D:4)
  7 adders
  2 oozes
  3 worms
  2 giant geckos
  6 orcs
  3 giant cockroaches
  10 goblins
  11 hobgoblins
  10 jackals
  10 bats
  4 giant newts
  15 kobolds
  A quokka (D:3)
  6 rats
99 creatures vanquished.

Vanquished Creatures (collateral kills)
  An adder (D:2)
  A hobgoblin (D:2)
2 creatures vanquished.

Grand Total: 101 creatures vanquished

Notes
Turn   | Place    | Note
--------------------------------------------------------------
     0 | D:1      | cluie the Demonspawn Transmuter began the quest for the Orb.
     0 | D:1      | Reached XP level 1. HP: 15/15 MP: 3/3
   469 | D:1      | Gained mutation: When hurt, damage is shared between your health and your magic reserves. [demonic ancestry]
   469 | D:1      | Reached XP level 2. HP: 11/21 MP: 3/5
   482 | D:1      | Learned a level 2 spell: Sticks to Snakes
   704 | D:1      | Reached skill level 3 in Unarmed Combat
   801 | D:1      | Reached XP level 3. HP: 17/26 MP: 6/6
  1015 | D:1      | You fall through a shaft!
  1016 | D:2      | fuck
  1557 | D:2      | Noticed Terence
  1662 | D:2      | Gained mutation: You have a somewhat thin skeletal structure (Dex +2, Stealth). [demonic ancestry]
  1662 | D:2      | Reached XP level 4. HP: 23/33 MP: 4/7
  1938 | D:2      | Found a shimmering altar of Xom.
  1939 | D:2      | Found a shimmering altar of Xom.
  1939 | D:2      | Found a shimmering altar of Xom.
  1939 | D:2      | Found a shimmering altar of Xom.
  2073 | D:2      | TECH
  3033 | D:2      | Killed Terence
  3033 | D:2      | Reached XP level 5. HP: 17/39 MP: 0/8
  3034 | D:2      | huh
  3034 | D:2      | how did that work
  3034 | D:2      | baller pythons op
  3383 | D:3      | Noticed Natasha
  3405 | D:3      | Killed Natasha
  3405 | D:3      | Reached skill level 4 in Unarmed Combat
  3633 | D:3      | Noticed Crazy Yiuf
  3645 | D:3      | Killed Crazy Yiuf
  3777 | D:3      | Noticed JokEr's ghost (amateur HEFi)
  4023 | D:3      | Noticed Natasha
  4024 | D:3      | Noticed Sigmund
  4054 | D:3      | Killed Natasha
  4119 | D:3      | Noticed Natasha
  4388 | D:2      | Learned a level 3 spell: Spider Form
  4761 | D:3      | Killed Natasha
  4804 | D:3      | Killed Sigmund
  4804 | D:3      | Gained mutation: You have a moderately thin skeletal structure (Dex +4, Stealth+). [demonic ancestry]
  4804 | D:3      | Reached XP level 6. HP: 37/47 MP: 2/9
  5685 | D:3      | HP: 2/47 [orc priest/dagger (4)]
  5689 | D:3      | Killed from afar by an orc priest

Vault maps used:
D:1:      dpeg_arrival_triangle_fractal
D:2:      xom_redecorated, uniq_terence
D:3:      uniq_sigmund, uniq_natasha, uniq_crazy_yiuf_cottage
D:4:      first_bread

Action                   |  1- 3 |  4- 6 || total
-------------------------+-------+-------++-------
Melee: Unarmed           |   176 |   416 ||   592
 Cast: Beastly Appendage |     7 |     7 ||    14
       Sticks to Snakes  |     4 |    12 ||    16
       Spider Form       |       |     3 ||     3
  Use: Potion            |       |     5 ||     5
       Scroll            |       |     8 ||     8
 Stab: Sleeping          |     1 |     2 ||     3
       Distracted        |       |     1 ||     1
  Eat: Chunk             |     3 |    13 ||    16
       Pizza             |       |     2 ||     2
